 Dungeon Crawl Stone Soup version 0.21-a0-442-g848f44b (webtiles) character file.

24 slep the Skirmisher (level 2, 0/26 HPs)
             Began as a Minotaur Wanderer on Nov 16, 2017.
             Slain by a sky beast (3 damage)
             ... on level 2 of the Dungeon.
             The game lasted 00:03:07 (805 turns).

slep the Skirmisher (Minotaur Wanderer)              Turns: 805, Time: 00:03:07

Health: 0/26       AC:  3    Str: 19    XL:     2   Next: 79%
Magic:  1/1        EV: 12    Int:  7    God:
Gold:   65         SH:  0    Dex:  8    Spells: 1/1 levels left

rFire    . . .     SeeInvis .   a - +2 hand axe
rCold    . . .     Gourm    .   (no shield)
rNeg     . . .     Faith    .   j - +0 leather armour
rPois    .         Spirit   .   (helmet restricted)
rElec    .         Reflect  .   (no cloak)
rCorr    .         Harm     .   (no gloves)
MR       .....                  (no boots)
Stlth    +.........             (no amulet)
HPRegen  0.08/turn              (no ring)
MPRegen  0.07/turn              (no ring)

@: no status effects
A: retaliatory headbutt, horns 2
a: no special abilities


You were on level 2 of the Dungeon.
You were not hungry.

You visited 1 branch of the dungeon, and saw 2 of its levels.

You collected 65 gold pieces.

Inventory:

Hand Weapons
 a - a +2 hand axe (weapon)
 b - a +0 shortbow
 f - a +0 dagger
Missiles
 c - 23 arrows
Armour
 e - a +0 robe
 j - a +0 leather armour (worn)
Scrolls
 h - 3 scrolls of remove curse {unknown}
Potions
 d - 2 potions of curing
 i - a potion of might {unknown}
Comestibles
 g - a bread ration
 k - a royal jelly
 l - a meat ration


   Skills:
 + Level 3.0 Fighting
   Level 1.2 Long Blades
 + Level 2.9 Axes
 + Level 0.1 Armour
 + Level 2.5 Dodging
 + Level 2.0 Stealth
   Level 1.0 Evocations


You had one spell level left.
You didn't know any spells.

Dungeon Overview and Level Annotations

Branches:
Dungeon (2/15)

Altars:
Qazlal


Innate Abilities, Weirdness & Mutations

You reflexively headbutt those who attack you in melee.
You have a pair of horns on your head.


Message History

The sky beast hits you. The sky beast shocks you.
The sky beast barely misses you. You furiously retaliate!
You headbutt the sky beast. You hit the sky beast but do no damage.
You headbutt the sky beast.
The sky beast is heavily wounded.
The sky beast hits you but does no damage.
You closely miss the sky beast.
The sky beast is heavily wounded.
The sky beast closely misses you.
You slash the sky beast! Your headbutt misses the sky beast.
The sky beast is severely wounded.
The sky beast hits you but does no damage.
You hit the sky beast but do no damage. Your headbutt misses the sky beast.
The sky beast is severely wounded.
The sky beast hits you. The sky beast shocks you.
* * * LOW HITPOINT WARNING * * *
You barely miss the sky beast.
The sky beast is severely wounded.
The sky beast hits you.
You die...

#....................#
#....####.##########.#
#....# #.. #.# #
#....# ### #.# .#
#....# #.# .###....##
#.# .........# # #.#
########.#########.#
#.#
..............KY@..#
#.#
...........#########
#.# ...#######.#######
#.# .#.# #....§#...#
#.# .#.# ###.....#.#.#
#.# (#.# #...._....#.#
#.# (..# .#.....###.#
#.# ...###.#§....# #.#
#.# #..##..###.### #†#
#.#


You could see a sky beast and a kobold.

Vanquished Creatures
  2 dart slugs
  A leopard gecko (D:1)
  3 goblins (D:1)
  3 hobgoblins
  A bat (D:2)
  4 frilled lizards
  3 kobolds
  4 rats
21 creatures vanquished.

Notes
Turn   | Place    | Note
-------+----------+-------------------------------------------
     0 | D:1      | slep the Minotaur Wanderer began the quest for the Orb.
     0 | D:1      | slep set off with: a +2 hand axe, a +0 shortbow, 23 arrows, a potion of curing, a +0 robe, a +0 dagger, a bread ration
     0 | D:1      | Reached XP level 1. HP: 18/18 MP: 0/0
    89 | D:1      | Reached XP level 2. HP: 22/25 MP: 1/1
   638 | D:2      | Found a stormy altar of Qazlal.
   768 | D:2      | Noticed a sky beast
   792 | D:2      | Reached skill level 3 in Fighting
   805 | D:2      | Slain by a sky beast

Vault maps used:
D:1:      shiori_arrival_elements
D:2:      nicolae_ru_the_path_less_chosen, lemuel_crystal_altar,
          grunt_qazlal_clouds

Skill      XL: |  1  2 |
---------------+-------+-----
Stealth        | 2 |  2.0
Fighting       | 3 |  3.0
Long Blades    | |  1.2
Axes           | |  2.9
Armour         | |  0.1
Dodging        | |  2.5
Evocations     | |  1.0

Action                   || total
-------------------------++-------
Melee: Hand axe          ||    54
       Headbutt          ||    11
 Stab: Sleeping          ||     2
Armor: Leather armour    ||    10
       Robe              ||     1
Dodge: Dodged            ||    37

Table legend:
 A = Spawn XP
 B = Non-spawn XP
 C = Spawn XP percentage of total XP
 D = Spawn monster count
 E = Non-spawn monster count
 F = Spawn count percentage of total count
 G = Total turns spent on level
                    A         B        C        D         E        F      G
               +---------+---------+-------+---------+---------+-------+---------
         Total |       0 |      35 |   0.0 |       0 |      21 |   0.0 |   805
               +---------+---------+-------+---------+---------+-------+---------
           D:1 |       0 |      23 |   0.0 |       0 |      14 |   0.0 |   636
           D:2 |       0 |      12 |   0.0 |       0 |       7 |   0.0 |   169
               +---------+---------+-------+---------+---------+-------+---------
